 Dungeon Crawl Stone Soup version 0.27-a0-1513-g2aaa0cc67b (webtiles) character file.

Game seed: 3171458379110113979

141775 robertstho the Eclecticist (level 17, -1/125 (126) HPs)
             Began as a Djinni Fire Elementalist on July 8, 2021.
             Was an Initiate of Gozag.
             Shot with a bolt by a naga sharpshooter (9 damage)
             ... on level 4 of the Snake Pit on July 9, 2021.
             The game lasted 01:37:47 (38433 turns).

robertstho the Eclecticist (DjFE)                  Turns: 38433, Time: 01:37:47

HP:   -1/125 (126)  AC: 14    Str: 10    XL:     17   Next: 95%
Gold: 4151          EV: 21    Int: 23    God:    Gozag SH:  9 Dex: 15

rFire    + + .     SeeInvis .   B - +8 mithril axe "Arga" {speed, Will+}
rCold    . . .     Faith    .   L - +1 kite shield {reflect}
rNeg     . . .     Spirit   .   R - +2 robe of Vines {NoPotionHeal Regen+++}
rPois    ∞         Reflect  +   v - +2 helmet
rElec    +         Harm     .   A - scarf {+Inv}
rCorr    .         Rampage  .   l - +2 pair of gloves {Str+3}
Will     ++...                  (boots unavailable)
Stlth    +++.......             G - amulet of regeneration
HPRegen  4.30/turn              d - ring "Gecvygaov" {rElec rPois rC+ EV+4}
MPRegen  0.00/turn              z - ring "Peryna" {rElec AC+4}

@: unable to read, gold aura, flying, very slightly contaminated, hasted,
lightly drained, invisible, very quick
A: sickness immunity, fire resistance 2, cold vulnerability 1, float, innate
caster, hp casting, extra vitality 1, mutation resistance 1, inability to read
while threatened
a: Renounce Religion, Evoke Invisibility, Potion Petition, Call Merchant, Bribe
Branch


You were on level 4 of the Snake Pit.
You worshipped Gozag.
Gozag was most pleased with you.
You visited 4 branches of the dungeon, and saw 24 of its levels.
You visited 1 bazaar.
You also visited: Volcano.

You collected 10056 gold pieces.
You spent 5061 gold pieces at shops.
You paid 844 gold pieces to Gozag.

Inventory:

Hand Weapons
 B - the +8 mithril axe "Arga" (weapon) {speed, Will+}
   (You bought it in a shop on level 11 of the Dungeon)

   Attacks with this weapon are significantly faster.
   Will:      It increases your willpower.
Missiles
 P - 3 atropa-tipped darts
Armour
 l - a +2 pair of gloves of strength (worn)
 p - a +0 buckler of protection
 v - a +2 helmet (worn)
 A - a scarf of invisibility (worn)
 L - a +1 kite shield of reflection (worn)
 M - a +2 robe of fire resistance
 R - the +2 robe of Vines (worn) {NoPotionHeal Regen+++}
   (You found it on level 3 of the Snake Pit)

   Regen:     It increases your rate of health regeneration.
Jewellery
 d - the ring "Gecvygaov" (left hand) {rElec rPois rC+ EV+4}
   (You acquired it on level 3 of the Dungeon)

   [ring of evasion]

   EV:        It affects your evasion (+4).
   rC:        It protects you from cold.
   rElec:     It insulates you from electricity.
   rPois:     It protects you from poison.
 k - a +6 ring of strength
 r - a ring of ice
 z - the ring "Peryna" (right hand) {rElec AC+4}
   (You bought it in a shop in a bazaar)

   [ring of protection]

   AC:        It affects your AC (+4).
   rElec:     It insulates you from electricity.
 D - a ring of willpower
 G - an amulet of regeneration (around neck)
 H - a ring of protection from fire
 J - the ring of the Glimmering Genius {rElec rCorr MP+9}
   (You bought it in a shop in a bazaar)

   [ring of magical power]

   rElec:     It insulates you from electricity.
   MP:        It affects your magic capacity (+9).
   rCorr:     It protects you from acid and corrosion.
 T - a ring of fire
Wands
 j - a wand of flame (58)
 y - a wand of digging (5)
 C - a wand of paralysis (10)
 F - a wand of charming (9)
 Q - a wand of acid (6)
 S - a wand of iceblast (8)
Scrolls
 a - 3 scrolls of fog
 c - 15 scrolls of identify
 f - a scroll of silence
 i - 4 scrolls of immolation
 m - a scroll of vulnerability
 q - 4 scrolls of magic mapping
 w - 7 scrolls of enchant weapon
 x - 2 scrolls of brand weapon
 E - a scroll of enchant armour
 K - 6 scrolls of teleportation
 O - a scroll of summoning
Potions
 b - 3 potions of berserk rage
 e - 20 potions of curing
 g - 3 potions of haste
 h - 4 potions of lignification
 n - 10 potions of ambrosia
 o - 4 potions of attraction
 s - 4 potions of heal wounds
 t - 3 potions of might
 u - 2 potions of mutation
 I - a potion of invisibility
 N - 2 potions of brilliance


   Skills:
 * Level 13.1 Fighting
 + Level 1.9(2.5) Short Blades
 + Level 2.5(2.8) Long Blades
 + Level 2.0 Axes
 * Level 13.9 Dodging
 + Level 5.5 Stealth
 + Level 2.7 Shields
 + Level 17.4 Spellcasting


You had 4 spell levels left.
You knew the following spells:

 Your Spells              Type           Power      Damage    Failure   Level
a - Foxfire               Conj/Fire      100%       2x1d9     0%          1
b - Conjure Flame         Conj/Fire      79%        6-21      1%          3
c - Inner Flame           Hex/Fire       79%        N/A       1%          3
d - Sticky Flame          Conj/Fire      79%        2d9       1%          4
e - Fireball              Conj/Fire      39%        3d16      1%          5
f - Pain                  Necr           100%       1d9       0%          1
g - Static Discharge      Conj/Air       79%        N/A       0%          2
h - Searing Ray           Conj           100%       3d7       0%          2
i - Ozocubu's Armour      Ice            79%        N/A       1%          3
j - Iskenderun's Mystic   Conj/Tloc      79%        2d16      1%          4
k - Yara's Violent Unrav  Hex/Tmut       39%        3d16      1%          5
l - Invisibility          Hex            39%        N/A       1%          6
m - Haunt                 Necr/Summ      39%        N/A       9%          7
Your spell library was empty.

Dungeon Overview and Level Annotations

Branches:
Dungeon (12/15)            Temple (0/1) D:6            Lair (6/6) D:10
 Shoals (0/4) Lair:2        Snake (4/4) Lair:3        Slime (0/5) Lair:6
    Orc (2/2) D:10            Elf (0/3) Orc:2       Volcano (visited)

Altars:
Cheibriados
Gozag
Hepliaklqana
Kikubaaqudgha
Makhleb
Okawaru
Qazlal
Ru
Sif Muna
Trog
Wu Jian
Xom
The Shining One
Beogh

Shops:
D:5 **[!   D:7 ?   D:9 (   D:10 :   D:11 (   Orc:1 (   Orc:2 [*[![   Lair:4 =
Snake:2 *?*(

Annotations:
Lair:2 3 runed translucent doors, Resaj's ghost, journeyman MiBe
Snake:4 Roxanne


Innate Abilities, Weirdness & Mutations

You are immune to sickness and miasma.
You are immune to poison.
Your flesh is very heat resistant. (rF++)
You are vulnerable to cold. (rC-)
You float through the air rather than walking.
You learn spells naturally, not from books.
Your magical power is your life essence.
You have superior vitality. (+4 HP)
You are somewhat resistant to further mutation.
You sometimes lose the ability to read scrolls when taking damage.


Message History

The nagaraja is distracted by your dazzling golden aura.
The guardian serpent hits your wraith!!
The naga sharpshooter gestures wildly while chanting.
The naga sharpshooter magically shoots an arrow.
The arrow hits you!
* * * LOW HITPOINT WARNING * * *
Your phantasmal warrior hits the naga sharpshooter!
The naga sharpshooter dies!
Your wraith hits the guardian serpent.
The nagaraja shouts!
Your wraith disappears in a puff of smoke!
Your shadow wraith disappears in a puff of smoke!
The naga sharpshooter shoots an arrow.
The arrow hits your phantasmal warrior!!
The naga sharpshooter blinks!
The naga sharpshooter shoots a bolt.
The bolt hits you!!
* * * LOW HITPOINT WARNING * * *
The naga warrior roars a battlecry!
The nagas go into a battle-frenzy!
The naga sharpshooter shoots a bolt.
You reflect the bolt off your +1 kite shield of reflection!
The bolt barely misses the naga sharpshooter.
The guardian serpent is distracted by your dazzling golden aura.
Your wraith hits the guardian serpent!
Your wraith drains the guardian serpent's vigour!
The guardian serpent seems to slow down.
The guardian serpent is no longer distracted by gold.
You cannot read scrolls in your current state!
You feel yourself speed up.
Your phantasmal warrior disappears in a puff of smoke!
Your shadow wraith disappears in a puff of smoke!
A guardian serpent comes into view.
The naga sharpshooter shoots an arrow.
The arrow hits your wraith!!
Your wraith is destroyed!
The naga sharpshooter is distracted by your dazzling golden aura.
The naga sharpshooter gestures wildly while chanting.
The naga sharpshooter magically shoots a bolt.
The bolt hits you!
You die...
Your body crumbles into a pile of gold.

#....##N.##......##...#.#
#......S##........##..'.#
#.....NS##........##..))#
#....##.§##......##...#)#
#.. ##.N..##....##...##)#
# ##.....W##..##...###)#
$##.....N§N##.....##..)##
#...§§....N)....#####))#
#......@N......##.# ##)#
##......$##...##..# #.)
##.....##...##...# ###.
##N..##...###...###.).
##.##...##...........
.......##............
......##..###........
.##. ##...# #........
#....# #........


You could see a naga warrior, a nagaraja (fast, strong), 3 naga sharpshooters, a
naga ritualist (strong), 2 guardian serpents, a naga (strong) and a friendly
phantasmal warrior (summoned).

Vanquished Creatures
  A nagaraja (Snake:3)
  A stone giant (D:9)
  8 naga warriors
  7 hydras
  3 boulder beetles
  8 anacondas
  3 two-headed ogres
  A tengu warrior (D:9)
  14 death yaks
  4 shock serpents
  5 orc high priests (Orc:2)
  9 naga sharpshooters
  A salamander mystic (Snake:2)
  6 sea snakes
  4 naga ritualists
  7 orc knights (Orc:2)
  3 deep elf pyromancers
  An ugly thing (D:11)
  6 mana vipers
  4 cyclopes
  6 salamanders
  An orc sorcerer (Orc:1)
  Maurice (D:9)
  9 elephants
  A guardian serpent (Snake:4)
  10 naga magi
  A torpor snail (Lair:6)
  25 black mambas
  4 gargoyles
  12 cane toads
  An unseen horror (D:11)
  A yaktaur (shapeshifter) (D:9)
  3 rime drakes
  6 komodo dragons
  6 polar bears
  A queen bee (Lair:4)
  2 trolls
  3 meliai (Lair:4)
  5 hornets
  4 blink frogs
  5 slime creatures (D:12)
  10 dream sheep
  19 spriggans
  A vampire (D:12)
  Sigmund (D:5)
  2 fire bats (Volcano)
  2 shadows
  Grum (D:9)
  6 wyverns
  Eustachio (D:5)
  4 basilisks
  48 yaks
  2 steam dragons
  32 nagas
  4 wargs
  An acid dragon (D:10)
  9 water moccasins
  A nameless horror (Snake:4)
  33 orc warriors
  A sky beast (D:6)
  A necrophage (D:3)
  3 boggarts (Lair:6)
  4 black bears
  24 wolves
  6 ogres
  3 centaurs
  A phantom (D:4)
  3 kobold brigands
  10 bullfrogs
  4 gnoll sergeants
  A scorpion (D:5)
  32 killer bees
  14 electric eels
  3 howler monkeys
  13 wights
  A bullfrog zombie (D:6)
  4 centaur zombies
  A hound (D:5)
  5 jellies
  23 orc priests
  A centaur skeleton (D:7)
  2 bullfrog skeletons
  3 gnoll shamans
  2 iguanas
  12 orc wizards
  A killer bee zombie (D:7)
  2 howler monkey zombies (D:9)
  31 gnolls
  5 adders
  A howler monkey simulacrum (D:9)
  An ufetubus (D:4)
  2 dart slugs
  74 orcs
  9 ball pythons
  9 endoplasms
  3 giant cockroaches
  10 goblins
  2 hobgoblins
  5 jackals
  5 quokkas
  6 bats
  3 frilled lizards
  A jackal skeleton (D:4)
  24 kobolds
  4 rats
  3 bushes
758 creatures vanquished.

Vanquished Creatures (collateral kills)
  Vashnia (Snake:4)
  3 nagarajas (Snake:4)
  7 naga warriors (Snake:4)
  6 salamander tyrants (Snake:4)
  10 naga sharpshooters (Snake:4)
  3 anacondas (Snake:4)
  2 salamander mystics (Snake:4)
  2 sea snakes (Snake:4)
  5 naga ritualists (Snake:4)
  3 mana vipers (Snake:4)
  2 elephants (Lair:6)
  5 guardian serpents (Snake:4)
  7 salamanders (Snake:4)
  9 black mambas (Snake:4)
  6 naga magi (Snake:4)
  4 yaks (Lair:6)
  16 nagas (Snake:4)
  A water moccasin (Lair:6)
92 creatures vanquished.

Vanquished Creatures (others)
  A nameless horror (Snake:4)
  A torpor snail (Lair:6)
  A spriggan (Lair:6)
  A steam dragon (Volcano)
  A human (D:7)
  5 bushes
  794 foxfires
  32 fungi
  153 plants
989 creatures vanquished.

Grand Total: 1839 creatures vanquished

Notes
Turn   | Place    | Note
-------+----------+-------------------------------------------
     0 | D:1      | robertstho the Djinni Fire Elementalist began the quest for
                  | the Orb.
     0 | D:1      | Reached XP level 1. HP: 15/15 MP: 0/0
    64 | D:1      | Reached XP level 2. HP: 7/21 MP: 0/0
   699 | D:1      | Reached XP level 3. HP: 24/26 MP: 0/0
   699 | D:1      | Learned a level 1 spell: Pain
   966 | D:1      | Reached skill level 3 in Spellcasting
  1476 | D:2      | Reached skill level 1 in Fighting
  1476 | D:2      | Reached XP level 4. HP: 28/32 MP: 0/0
  2286 | D:3      | Identified a scroll of acquirement
  2286 | D:3      | Acquired the ring "Gecvygaov" {rElec rPois rC+ EV+4}
  2291 | D:3      | Found a faded altar of an unknown god.
  2425 | D:3      | Noticed a necrophage
  2439 | D:3      | Killed a necrophage
  2440 | D:3      | Reached XP level 5. HP: 4/38 MP: 0/0
  2440 | D:3      | Learned a level 2 spell: Static Discharge
  3038 | D:3      | Reached XP level 6. HP: 39/43 MP: 0/0
  3281 | D:3      | Reached skill level 4 in Spellcasting
  3372 | D:3      | Found an opulent altar of Gozag.
  3380 | D:3      | Became a worshipper of Gozag Ym Sagoz the Greedy
  3401 | D:4      | Found a burning altar of Makhleb.
  3402 | D:4      | Found a stormy altar of Qazlal.
  3428 | D:4      | Found a glowing golden altar of the Shining One.
  3430 | D:4      | Found a snail-covered altar of Cheibriados.
  3630 | D:4      | Noticed an ogre
  3635 | D:4      | Killed an ogre
  3741 | D:4      | Reached XP level 7. HP: 48/49 MP: 0/0
  3741 | D:4      | Learned a level 2 spell: Searing Ray
  4876 | D:5      | Entered Level 5 of the Dungeon
  5025 | D:5      | Found a shimmering altar of Xom.
  5079 | D:5      | Noticed Eustachio
  5087 | D:5      | Reached skill level 5 in Spellcasting
  5094 | D:5      | Killed Eustachio
  5095 | D:5      | Reached XP level 8. HP: 40/56 MP: 0/0
  5228 | D:5      | Found Zacogh's General Store.
  5230 | D:5      | Found Qevunar's Assorted Antiques.
  5239 | D:5      | Bought a scroll of identify for 28 gold pieces
  5239 | D:5      | Bought a potion of curing for 42 gold pieces
  5239 | D:5      | Bought a scroll of identify for 28 gold pieces
  5239 | D:5      | Bought a potion of magic for 112 gold pieces
  5545 | D:5      | Bought a fuming yellow potion for 22 gold pieces
  5545 | D:5      | Bought a scroll labelled OCARHE IDAMEG for 25 gold pieces
  5545 | D:5      | Bought a scroll of identify for 50 gold pieces
  5782 | D:5      | Noticed Sigmund
  5786 | D:5      | Killed Sigmund
  5787 | D:5      | Reached skill level 6 in Spellcasting
  5832 | D:5      | Found Zireiky's Antique Armour Boutique.
  5920 | D:5      | Found Faklaps's Distillery.
  5944 | D:5      | Bought a potion of heal wounds for 60 gold pieces
  5944 | D:5      | Bought a potion of mutation for 96 gold pieces
  5944 | D:5      | Bought a potion of heal wounds for 60 gold pieces
  6049 | D:6      | Reached skill level 5 in Dodging
  6258 | D:6      | Reached XP level 9. HP: 58/63 MP: 0/0
  6258 | D:6      | Learned a level 3 spell: Ozocubu's Armour
  6308 | D:6      | Found a staircase to the Ecumenical Temple.
  6681 | D:7      | Reached skill level 7 in Spellcasting
  6711 | D:7      | Reached skill level 1 in Short Blades
  7179 | D:7      | Reached skill level 5 in Fighting
  8107 | D:7      | Noticed a cyclops
  8116 | D:7      | Killed a cyclops
  8117 | D:7      | Reached skill level 8 in Spellcasting
  8117 | D:7      | Reached XP level 10. HP: 63/70 MP: 0/0
  8509 | D:7      | Found Ocieshaz's Magic Scroll Shoppe.
  8513 | D:7      | Bought a scroll of blinking for 90 gold pieces
  8513 | D:7      | Bought a scroll of magic mapping for 42 gold pieces
  8513 | D:7      | Bought a scroll of teleportation for 36 gold pieces
  8513 | D:7      | Bought a scroll of teleportation for 36 gold pieces
  8513 | D:7      | Bought a scroll of identify for 24 gold pieces
  8513 | D:7      | Bought a scroll of identify for 24 gold pieces
  8767 | D:8      | Found an iron altar of Okawaru.
  9134 | D:8      | Found a hazy altar of Hepliaklqana.
  9427 | D:8      | Reached skill level 9 in Spellcasting
  9572 | D:8      | You are sucked into a shaft and drop 2 floors!
  9572 | D:10     | Entered Level 10 of the Dungeon
  9967 | D:10     | Found an ornate altar of the Wu Jian Council.
 10376 | D:10     | Found a staircase to the Orcish Mines.
 10637 | D:10     | Noticed a death yak
 10638 | D:10     | Noticed a death yak
 10638 | D:10     | Noticed a death yak
 10638 | D:10     | Noticed a death yak
 10640 | D:10     | Noticed a death yak
 10641 | D:10     | Noticed a death yak
 10641 | D:10     | Noticed a death yak
 10649 | D:10     | Killed a death yak
 10658 | D:9      | Found Vabrah's Antique Weapon Boutique.
 10665 | D:9      | Reached XP level 11. HP: 44/78 MP: 0/0
 10665 | D:9      | Learned a level 4 spell: Iskenderun's Mystic Blast
 10666 | D:9      | Noticed Maurice
 11595 | D:9      | Found a sacrificial altar of Ru.
 11687 | D:9      | Reached skill level 10 in Spellcasting
 11706 | D:9      | Noticed a cyclops
 11712 | D:9      | Killed a cyclops
 11713 | D:9      | Noticed a deep elf pyromancer
 11716 | D:9      | Killed a deep elf pyromancer
 12058 | D:9      | Killed Maurice
 12183 | D:9      | Noticed a stone giant
 12938 | D:9      | Killed a stone giant
 13218 | D:9      | Noticed a tengu warrior
 13224 | D:9      | Killed a tengu warrior
 13354 | D:9      | Noticed Grum
 13360 | D:9      | Killed Grum
 13726 | D:10     | Killed a death yak
 13727 | D:10     | Reached XP level 12. HP: 49/85 MP: 0/0
 14079 | D:9      | Killed a death yak
 14080 | D:9      | Reached skill level 11 in Spellcasting
 14590 | D:10     | Found a staircase to the Lair.
 14615 | D:10     | Killed a death yak
 14620 | D:10     | Killed a death yak
 14624 | D:10     | Killed a death yak
 14639 | D:10     | Killed a death yak
 15013 | D:10     | Found Soemamig's Book Boutique.
 15102 | D:10     | Noticed a two-headed ogre
 15107 | D:10     | Killed a two-headed ogre
 15469 | D:11     | Noticed a two-headed ogre
 15479 | D:11     | Killed a two-headed ogre
 15480 | D:11     | Reached skill level 1 in Long Blades
 15480 | D:11     | Noticed a boulder beetle
 15497 | D:11     | Killed a boulder beetle
 16009 | D:11     | Reached skill level 12 in Spellcasting
 16356 | D:11     | Reached XP level 13. HP: 84/94 MP: 0/0
 16356 | D:11     | Learned a level 5 spell: Yara's Violent Unravelling
 16483 | D:11     | Found Toyxo's Antique Weapon Emporium.
 16496 | D:11     | Bought the +8 mithril axe "Arga" {speed, Will+} for 1485
                  | gold pieces
 16496 | D:11     | Found the +8 mithril axe "Arga" {speed, Will+}
 17129 | D:12     | Noticed a boulder beetle
 17143 | D:12     | Killed a boulder beetle
 17668 | D:12     | Noticed a four-headed hydra
 17672 | D:12     | Killed a four-headed hydra
 18134 | D:12     | Reached skill level 10 in Dodging
 18670 | D:12     | Noticed a boulder beetle
 18683 | D:12     | Killed a boulder beetle
 18696 | D:12     | Noticed a five-headed hydra
 19089 | D:12     | Killed a five-headed hydra
 19400 | D:12     | Noticed a six-headed hydra
 19402 | D:12     | Noticed an ettin
 19403 | D:12     | Noticed a tengu reaver
 19405 | D:12     | Killed a six-headed hydra
 19533 | Lair:1   | Entered Level 1 of the Lair of Beasts
 19811 | Lair:1   | Reached skill level 5 in Stealth
 19811 | Lair:1   | Reached skill level 13 in Spellcasting
 21276 | Lair:2   | Found a staircase to the Shoals.
 21427 | Lair:2   | Reached XP level 14. HP: 59/102 MP: 0/0
 21890 | Lair:2   | Reached skill level 10 in Fighting
 22500 | Lair:2   | Noticed Resaj's ghost (journeyman MiBe)
 22502 | Lair:2   | Noticed a minotaur
 22519 | Lair:2   | Found a runed translucent gate.
 22519 | Lair:2   | Found a runed translucent gate.
 22519 | Lair:2   | Found a runed translucent gate.
 23439 | Lair:3   | Found a staircase to the Snake Pit.
 23693 | Lair:3   | Reached skill level 1 in Axes
 25742 | Lair:5   | Reached skill level 14 in Spellcasting
 27342 | Lair:6   | Entered Level 6 of the Lair of Beasts
 27435 | Lair:6   | Found a dark tunnel.
 27441 | Volcano  | Entered a volcano
 28324 | Lair:6   | Reached XP level 15. HP: 94/109 MP: 0/0
 28324 | Lair:6   | Learned a level 6 spell: Invisibility
 28799 | Lair:6   | Found a staircase to the Slime Pits.
 28922 | Lair:6   | Gained mutation: You are somewhat resistant to further
                  | mutation. [mutagenic glow]
 28970 | Lair:5   | Gained mutation: You sometimes lose the ability to read
                  | scrolls when taking damage. [mutagenic glow]
 30090 | Lair:6   | Reached skill level 15 in Spellcasting
 31695 | Lair:4   | Bought an amulet of regeneration for 480 gold pieces
 31790 | Orc:1    | Entered Level 1 of the Orcish Mines
 31793 | Orc:1    | Found a bloodstained altar of Trog.
 32145 | Orc:1    | Found Yreta's Weapon Shoppe.
 32260 | Orc:2    | Entered Level 2 of the Orcish Mines
 32528 | Orc:2    | Found Efugha's Antique Armour Boutique.
 32658 | Orc:2    | Found a staircase to the Elven Halls.
 33080 | Orc:2    | Reached XP level 16. HP: 105/117 MP: 0/0
 33244 | Orc:2    | Found Rigim's Assorted Antiques.
 33244 | Orc:2    | Found Puabuap's Antique Armour Boutique.
 33245 | Orc:2    | Found Nidipl Toah's Distillery.
 33245 | Orc:2    | Found Umejuq's Armour Boutique.
 33252 | Orc:2    | Bought a scroll labelled ONUESSAAXI for 25 gold pieces
 33255 | Orc:2    | Bought a potion of heal wounds for 65 gold pieces
 33255 | Orc:2    | Bought a potion of curing for 39 gold pieces
 33255 | Orc:2    | Bought a potion of invisibility for 104 gold pieces
 33255 | Orc:2    | Bought a potion of curing for 39 gold pieces
 33255 | Orc:2    | Bought a potion of curing for 39 gold pieces
 33482 | Snake:1  | Entered Level 1 of the Snake Pit
 34156 | Orc:2    | Bought a +1 kite shield of reflection for 175 gold pieces
 34870 | Snake:1  | Reached skill level 16 in Spellcasting
 35289 | Snake:2  | Reached skill level 1 in Shields
 35385 | Snake:2  | Found Vimagryt's General Store.
 35386 | Snake:2  | Found Ywnaush's General Store.
 35386 | Snake:2  | Found Xozuf's Magic Scroll Shoppe.
 35441 | Snake:2  | Bought a scroll of teleportation for 48 gold pieces
 35441 | Snake:2  | Bought a scroll of noise for 16 gold pieces
 35441 | Snake:2  | Found Dynoiv's Antique Weapon Emporium.
 35449 | Snake:2  | Bought a scroll of teleportation for 39 gold pieces
 35449 | Snake:2  | Bought 2 potions of brilliance for 104 gold pieces
 35449 | Snake:2  | Bought a scroll of summoning for 123 gold pieces
 35466 | Snake:2  | Bought a scroll of teleportation for 42 gold pieces
 35466 | Snake:2  | Bought 3 scrolls of fog for 84 gold pieces
 35988 | Snake:3  | Found a flickering gateway to a bazaar.
 35994 | Bazaar   | Entered a bazaar
 36002 | Bazaar   | Found Yrphaq's General Store.
 36017 | Bazaar   | Found Wic Kuyd's Armour Shop.
 36023 | Bazaar   | Found Efia's Jewellery Shop.
 36054 | Bazaar   | Found Xes Gihi's Jewellery Shoppe.
 36064 | Bazaar   | Upgraded the game from 0.27-a0-1502-g47ed6a6988 to
                  | 0.27-a0-1513-g2aaa0cc67b
 36084 | Bazaar   | Bought a +2 helmet for 165 gold pieces
 36084 | Bazaar   | Bought a scroll of identify for 20 gold pieces
 36111 | Bazaar   | Bought the ring "Peryna" {rElec AC+4} for 650 gold pieces
 36111 | Bazaar   | Bought the ring of the Glimmering Genius {rElec rCorr MP+9}
                  | for 514 gold pieces
 36136 | Bazaar   | Bought a scroll of teleportation for 30 gold pieces
 36589 | Snake:3  | Noticed a nagaraja
 36594 | Snake:3  | Killed a nagaraja
 36595 | Snake:3  | Reached XP level 17. HP: 106/125 MP: 0/0
 36595 | Snake:3  | Learned a level 7 spell: Haunt
 37065 | Snake:3  | Found the +2 robe of Vines {NoPotionHeal Regen+++}
 37192 | Snake:4  | Entered Level 4 of the Snake Pit
 37246 | Snake:4  | Identified Roxanne's Reference Book on Shape Shifting
 37246 | Snake:4  | Noticed Roxanne
 37498 | Snake:4  | Noticed Vashnia
 37650 | Snake:4  | Killed Vashnia
 37665 | Snake:4  | Reached skill level 17 in Spellcasting
 38432 | Snake:4  | HP: 4/125 [naga sharpshooter/bolt (22)]
 38433 | Snake:4  | Shot with a bolt by a naga sharpshooter

Illustrated notes

Levels and vault maps discovered:
D:1:      dpeg_arrival_stone_temple_mockup, layout_rooms,
          hangedman_abyss_or_decor_stabs
D:2:      layout_loops_corners, ebering_dispersal_statue_hall
D:3:      layout_basic, mainiacjoe_overflow_alcove_2,
          hellmonk_ecumenical_altar_arch_garden, st_stairs_9, hex_tiny,
          palyth_stone_intersect, minmay_cupped
D:4:      layout_basic, grunt_temple_overflow_open
D:5:      layout_gridville, lemuel_doored_altar, serial_shops,
          nicolae_shop_overgrown_old_shop, shop, shop,
          nicolae_shop_temple_entry_statues_fountains, uniq_sigmund,
          uniq_eustachio
D:6:      layout_rooms, minmay_temple_entry_sparse_star,
          chequers_serial_rivers_micro_d,
          hangedman_abyss_or_decor_jellyfish_corner
D:7:      layout_loops_ring, tgw_kikubaaqudgha, serial_shops, shop
D:8:      layout_gridville, nicolae_hepliaklqana_hippocampus,
          mainiacjoe_overflow_six_doors_small
D:9:      minmay_bloctagon_deflated, layout_rooms, lemuel_tele_altar,
          serial_shops, shop_fountains, kennysheep_just_a_vault, uniq_grum,
          uniq_maurice
D:10:     layout_loops_corners, nicolae_overflow_crystal_walls,
          dpeg_lair_monsters, david_orc_5, serial_shops, shop
D:11:     layout_basic, serial_shops, shop
D:12:     minmay_klotski, layout_loops_ring
Lair:1:   kb_forest_paths, layout_chaotic_city
Lair:2:   nzn_winding_woodlands_small
          [nzn_winding_woodlands_5x15_river_crossing,
          nzn_winding_woodlands_center_pierced_h,
          nzn_winding_woodlands_5x15_concentric], layout_small_grid,
          shoals_dummy_entry, maelrawn_ghost_gauntlet_escape
Lair:3:   layout_regular_city, guppyfry_snake_entry_garden, grunt_megastairs_5,
          infiniplex_staircase_pool
Lair:4:   layout_cave_shapes, special_room [special_room_bee]
Lair:5:   layout_long_grid, columned_hall_lemuel
Lair:6:   minmay_lair_end_enchanted_forest, layout_regular_city,
          nicolae_slime_entry_slimehenge, enter_volcano_4, wad_woods_road_01
Snake:1:  layout_basic, nicolae_coiled_stairwell_down
Snake:2:  layout_onion, special_room, guppyfry_snake_island, minmay_shoptagon
Snake:3:  layout_onion_interference, serial_shops, bzr_entry_road, drop_trap,
          serial_bayou_shore_a
Snake:4:  johnstein_snake_rune_scales, layout_gridlike, serial_curves,
          eino_curves_01, eino_curves_04, nicolae_snake_springs, uniq_vashnia,
          uniq_roxanne
Orc:1:    layout_caves, basic_altar, serial_shops, shop
Orc:2:    st_orc_pillars, layout_caves, serial_shops, shop,
          nicolae_orc_flooded_monolith

Skill      XL: |  1  2  3  4  5  6  7  8  9 10 11 12 13 14 15 16 17 |
---------------+----------------------------------------------------+-----
Spellcasting   | 3 4 5 6 8 9 10 12 13 14 15 16 17 | 17.4
Fighting       | 1 2 3 4 5 6 7 8 9 10 11 12 13 | 13.1
Dodging        | 3 4 5 6 7 8 9 10 11 12 13 | 13.9
Stealth        | 2 3 4 5 |  5.5
Short Blades   | 1 |  1.9
Long Blades    | 1 2 |  2.5
Axes           | 1 2 |  2.0
Shields        | 1 2 |  2.7

Action                   |  1- 3 |  4- 6 |  7- 9 | 10-12 | 13-15 | 16-18 || total
-------------------------+-------+-------+-------+-------+-------+-------++-------
Melee: Short sword       |       |       |    12 |       |       |       ||    12
       Long sword        |       |       |       |     7 |       |       ||     7
       Broad axe         |       |       |       |       |    13 |     9 ||    22
 Cast: Foxfire           |    70 |   101 |   277 |    35 |       |       ||   483
       Sticky Flame      |       |       |    13 |    25 |    32 |    20 ||    90
       Conjure Flame     |       |       |     3 |     3 |     2 |       ||     8
       Fireball          |       |       |    12 |   182 |   472 |   220 ||   886
       Searing Ray       |       |       |       |     3 |     4 |    12 ||    19
       Iskenderun's Myst |       |       |       |     2 |    38 |    21 ||    61
       Ozocubu's Armour  |       |       |       |     1 |       |       ||     1
       Invisibility      |       |       |       |       |     6 |     6 ||    12
       Yara's Violent Un |       |       |       |       |       |     2 ||     2
       Haunt             |       |       |       |       |       |   130 ||   130
Invok: Potion Petition   |       |       |       |       |     1 |       ||     1
       Call Merchant     |       |       |       |       |     1 |       ||     1
Evoke: Wand              |       |       |       |       |     1 |       ||     1
  Use: Scroll            |       |     4 |     7 |    10 |    12 |     2 ||    35
       Potion            |       |     1 |       |     3 |     3 |     1 ||     8
 Stab: Sleeping          |       |       |     1 |       |       |       ||     1
Armor: Robe              |     2 |     4 |     6 |     2 |     4 |    28 ||    46
Dodge: Dodged            |     9 |    24 |    55 |    33 |    69 |   126 ||   316
Block: Buckler           |       |       |       |     4 |     8 |     2 ||    14
       Kite shield       |       |       |       |       |       |    61 ||    61
       Reflection        |       |       |       |       |       |    15 ||    15
       Rpst.: Long sword |       |       |       |     6 |       |       ||     6

Table legend: (Time is in decaauts)
 A = Elapsed time spent in this place.
 B = Non-inter-level travel time spent in this place.
 C = Inter-level travel time spent in this place.
 D = Time resting spent in this place.
 E = Time spent auto-exploring this place.
 F = Levels seen in this place.
 G = Mean time per level.
                   A        B        C        D        E       F      G
               +--------+--------+--------+--------+--------+-----+--------+
         Total |  38471 |  36908 |   1563 |   6240 |  25738 |  26 | 1479.7 |
       Dungeon |  19676 |  19074 |    602 |   3673 |  13281 |  12 | 1639.7 |
          Lair |  12102 |  11602 |    500 |   2398 |   8238 |   6 | 2017.0 |
     Snake Pit |   4456 |   4187 |    269 |     79 |   2770 |   4 | 1114.0 |
  Orcish Mines |   1775 |   1585 |    190 |     87 |   1140 |   2 |  887.5 |
        Bazaar |    151 |    151 |      0 |      0 |     67 |   1 |  151.0 |
       Volcano |    307 |    307 |      0 |      3 |    242 |   1 |  307.0 |
               +--------+--------+--------+--------+--------+-----+--------+

Top non-repeatable levels by time:
  Lair:6: 3286 daAuts
     D:9: 2705 daAuts
    D:10: 2323 daAuts
    D:12: 2188 daAuts
  Lair:5: 2059 daAuts
     D:8: 2044 daAuts
    D:11: 1860 daAuts
  Lair:2: 1832 daAuts
  Lair:1: 1767 daAuts
  Lair:4: 1675 daAuts
     D:4: 1547 daAuts
  Lair:3: 1481 daAuts
     D:7: 1420 daAuts
 Snake:1: 1223 daAuts
 Snake:3: 1220 daAuts
